 Dungeon Crawl Stone Soup version 0.28.0 (webtiles) character file.

Game seed: 1551056610568183452

2868 Anon1729 the Insei (level 9, -1/58 (59) HPs)
             Began as an Octopode Transmuter on Feb 14, 2022.
             Was a Believer of Fedhas.
             Slain by Harold (17 damage)
             ... on level 7 of the Dungeon.
             The game lasted 00:16:50 (10886 turns).

Anon1729 the Insei (Octopode Transmuter)           Turns: 10886, Time: 00:16:53

HP:   -1/58 (59)    AC:  1    Str: 10    XL:     9   Next: 76%
MP:   0/15          EV: 14    Int: 19    God:    Fedhas [**....]
Gold: 212           SH:  0    Dex: 12    Spells: 10/16 levels left

rFire   . . .      SeeInvis .     - Unarmed
rCold   . . .      Faith    .   (no shield)
rNeg    . . .      Spirit   +   (helmet restricted)
rPois   .          Reflect  .   d - amulet of guardian spirit
rElec   .          Harm     .   h - ring of willpower
rCorr   .          Rampage  .   (no ring)
Will    +....                   (no ring)
Stlth   ++++......              (no ring)
HPRegen 0.19/turn               (no ring)
MPRegen 0.14/turn               (no ring)
                                (no ring)
                                (no ring)

@: about to teleport, lightly drained
A: almost no armour, amphibious, 8 rings, camouflage 1, gelatinous body 1,
(nimble swimmer 1), tentacles
a: Renounce Religion, Wall of Briars


You were on level 7 of the Dungeon.
You worshipped Fedhas.
Fedhas was pleased with you.
You visited 1 branch of the dungeon, and saw 7 of its levels.

You collected 277 gold pieces.
You spent 65 gold pieces at shops.

Inventory:

Hand Weapons
 f - a +1 dagger of venom
Jewellery
 d - an amulet of guardian spirit (around mantle)
 h - a ring of willpower (left tentacle)
 r - an amulet of reflection
Wands
 l - a wand of mindburst (21)
 p - a wand of acid (7)
 v - a wand of paralysis (4)
Scrolls
 a - 2 scrolls of immolation
 b - 5 scrolls of vulnerability
 e - 3 scrolls of magic mapping
 i - a scroll of summoning
 k - a scroll of brand weapon
 n - a scroll of teleportation
 s - 2 scrolls of blinking
Potions
 c - 3 potions of curing
 g - a potion of flight
 j - 2 potions of might
 m - a potion of invisibility {unknown}
 q - 3 potions of haste
 t - 3 potions of lignification {unknown}
 w - a potion of degeneration {unknown}
 x - a potion of attraction {unknown}


   Skills:
 + Level 4.3 Fighting
 + Level 4.7 Dodging
 + Level 6.0 Stealth
 * Level 7.0 Unarmed Combat
 + Level 4.3 Spellcasting
 * Level 6.5 Transmutations
 + Level 4.4 Invocations


You had 10 spell levels left.
You knew the following spells:

 Your Spells              Type           Power      Damage    Failure   Level
a - Beastly Appendage     Tmut           56%        N/A       1%          1
b - Wereblood             Tmut           28%        N/A       1%          2
c - Spider Form           Tmut/Pois      16%        N/A       11%         3

Your spell library contained the following spells:

 Spells                   Type           Power      Damage    Failure   Level
 Foxfire                  Conj/Fire      16%        2x1d4     13%         1
 Freeze                   Ice            16%        1d4       13%         1
 Corpse Rot               Necr/Air       8%         N/A       21%         2
 Poisonous Vapours        Pois/Air       8%         N/A       21%         2
 Ice Form                 Ice/Tmut       16%        N/A       34%         4
 Conjure Flame            Conj/Fire      4%         6-21      36%         3
 Frozen Ramparts          Ice            8%         1d2       36%         3
 Gell's Gravitas          Tloc           4%         N/A       36%         3
 Inner Flame              Hex/Fire       4%         N/A       36%         3
 Teleport Other           Tloc           4%         N/A       36%         3
 Cause Fear               Hex            2%         N/A       78%         4
 Flame Wave               Conj/Fire      4%         2d5       78%         4
 Hailstorm                Conj/Ice       4%         3d4       78%         4
 Dispersal                Tloc           2%         N/A       100%        6
 Discord                  Hex            2%         N/A       100%        8


Dungeon Overview and Level Annotations

Branches:
Dungeon (7/15)             Temple (0/1) D:7

Altars:
Ashenzari
Elyvilon
Fedhas
Qazlal
Ru
Vehumet
Xom
The Shining One

Shops:
D:3 [*!   D:4 *

Annotations:
D:7 Harold


Innate Abilities, Weirdness & Mutations

You cannot wear most types of armour.
You are amphibious.
You can wear up to eight rings at the same time.
Your skin changes colour to match your surroundings (Stealth+).
Your rubbery body absorbs attacks. (AC +1, EV +1)
((You are camouflaged when in or above water. (Stealth+)))
You have tentacles for arms and can constrict up to eight enemies at once.


Message History

You bludgeon Harold! Your grab misses Harold.
Harold is moderately wounded.
Harold barely misses you.
You tentacle-slap Harold. Your grab misses Harold.
Harold is moderately wounded.
Harold hits you with a +0 trident!
You bludgeon Harold! Your grab misses Harold.
Harold is heavily wounded.
That's the wrong kind of item! (Use * to select it.) Evoke which item? (* to show all) (? for menu, Esc to quit)
Okay, then.
Aiming: Paralyse
Press: ? - help, Shift-Dir - straight line, f - Harold
Aim: Harold, wielding a +0 trident, wearing a +2 chain mail of fire resistance and quivering 3 throwing nets (heavily wounded, covered in acid, chance to affect: 17%)
Okay, then.
As you read the scroll of fear, it crumbles to dust.
You assume a fearsome visage.
Harold resists with some effort.
Harold hits you with a +0 trident.
* * * LOW HITPOINT WARNING * * *
Press: ? - help, v - describe, . - travel
Here: Harold, wielding a +0 trident, wearing a +2 chain mail of fire resistance and quivering 3 throwing nets (heavily wounded, covered in acid)
The floor, spattered with blood.
Unknown command.
As you read the scroll of teleportation, it crumbles to dust.
You feel strangely unstable. Harold gestures at you while chanting.
You barely resist.
You feel better.
Harold is no longer covered in acid.
Harold hits you with a +0 trident!
* * * LOW HITPOINT WARNING * * *
Aiming: Mindburst
Press: ? - help, Shift-Dir - straight line, f - Harold
Aim: Harold, wielding a +0 trident, wearing a +2 chain mail of fire resistance and quivering 3 throwing nets (heavily wounded, chance to affect: 29%) Harold's mind is blasted!
Harold barely misses you.
Aiming: Mindburst
Press: ? - help, Shift-Dir - straight line, f/p - Harold
Aim: Harold, wielding a +0 trident, wearing a +2 chain mail of fire resistance and quivering 3 throwing nets (severely wounded, chance to affect: 29%) Harold easily resists.
Harold hits you with a +0 trident!!
You die...
Fedhas appreciates your contribution to the ecosystem.

#####################
.......$..@@....)(.>#
.####..############.#
#.. #.# #/z #.# #..
#.# #.. #.# #.. #.#
#.. #.# #.. #.#


You could see Harold.

Vanquished Creatures
  A steam dragon (D:6)
  3 sky beasts (D:6)
  A black bear (D:7)
  4 necrophages
  An ogre (D:4)
  3 centaurs
  A phantom (D:5)
  2 kobold brigands (D:6)
  2 bullfrogs (D:6)
  3 scorpions
  2 wyvern skeletons (D:6)
  5 wights
  3 bullfrog zombies (D:6)
  An orc priest (D:7)
  A centaur skeleton (D:4)
  A gnoll shaman (D:6)
  8 hounds
  A bullfrog skeleton (D:5)
  3 jellies
  2 iguanas
  Natasha (thrice) (D:3)
  An orc wizard (D:6)
  A hound skeleton (D:4)
  8 adders
  A shadow imp (D:6)
  A white imp (D:6)
  An ufetubus (D:5)
  3 worms
  4 dart slugs
  13 orcs
  7 endoplasms
  4 giant cockroaches
  3 goblins
  3 hobgoblins
  9 kobolds
  6 quokkas
  7 ball pythons
  3 bats
  A frilled lizard (D:1)
  5 rats
132 creatures vanquished.

Vanquished Creatures (others)
  A fungus (D:3)
  A plant (D:3)
2 creatures vanquished.

Grand Total: 134 creatures vanquished

Notes
Turn   | Place    | Note
-------+----------+-------------------------------------------
     0 | D:1      | Anon1729 the Octopode Transmuter began the quest for the
                  | Orb.
     0 | D:1      | Reached XP level 1. HP: 13/13 MP: 3/3
   620 | D:1      | Reached XP level 2. HP: 14/18 MP: 3/5
  1190 | D:1      | Found a faded altar of an unknown god.
  1342 | D:2      | Reached skill level 1 in Stealth
  1474 | D:2      | Reached XP level 3. HP: 16/23 MP: 4/6
  2108 | D:2      | Reached XP level 4. HP: 22/28 MP: 5/7
  2769 | D:3      | Noticed Natasha
  2782 | D:3      | Killed Natasha
  2783 | D:3      | Reached skill level 1 in Invocations
  3149 | D:3      | Found a broken altar of Ashenzari.
  3152 | D:3      | Found a glowing golden altar of the Shining One.
  3778 | D:2      | Learned a level 2 spell: Wereblood
  3782 | D:2      | Learned a level 3 spell: Spider Form
  4168 | D:3      | Noticed Natasha
  4174 | D:3      | Reached XP level 5. HP: 34/34 MP: 6/8
  4176 | D:3      | Killed Natasha
  4237 | D:3      | Found a stormy altar of Qazlal.
  4378 | D:3      | Found Ajecvusiza's Distillery.
  4385 | D:3      | Bought a potion of heal wounds for 65 gold pieces
  4395 | D:3      | Found Matysoann's General Store.
  4423 | D:3      | Found a blossoming altar of Fedhas.
  4506 | D:3      | Found Geg Imm's Armour Boutique.
  4529 | D:3      | Became a worshipper of Fedhas Madash
  4635 | D:3      | Noticed Natasha
  4669 | D:3      | Killed Natasha
  4938 | D:4      | Noticed a necrophage
  4948 | D:4      | Killed a necrophage
  4949 | D:4      | Reached skill level 4 in Unarmed Combat
  4949 | D:4      | Reached XP level 6. HP: 25/39 MP: 9/9
  5354 | D:4      | Found a radiant altar of Vehumet.
  5357 | D:4      | Found a white marble altar of Elyvilon.
  5357 | D:4      | Found a sacrificial altar of Ru.
  5498 | D:4      | Reached XP level 7. HP: 45/45 MP: 4/11
  5654 | D:4      | Found Peukh's General Store.
  6372 | D:5      | Entered Level 5 of the Dungeon
  6901 | D:5      | Reached skill level 5 in Unarmed Combat
  6909 | D:5      | Reached * piety under Fedhas
  6910 | D:5      | Reached XP level 8. HP: 42/51 MP: 10/12
  8016 | D:6      | Reached skill level 5 in Transmutations
  8743 | D:6      | Reached skill level 6 in Unarmed Combat
  8944 | D:6      | Reached skill level 5 in Stealth
  8944 | D:6      | Reached XP level 9. HP: 53/58 MP: 7/14
  9075 | D:6      | Found a shimmering altar of Xom.
  9137 | D:6      | Reached ** piety under Fedhas
 10588 | D:7      | Found a staircase to the Ecumenical Temple.
 10866 | D:7      | Noticed Harold
 10877 | D:7      | Reached skill level 7 in Unarmed Combat
 10886 | D:7      | Slain by Harold

Illustrated notes

Levels and vault maps discovered:
D:1:      psy_arrival_radial02, layout_basic,
          shapermc_ecumenical_altar_mp_vishouse, lemuel_old_faithful
D:2:      layout_loops_ring, serial_co_window_serial, co_window_paths_a,
          co_window_paths_a, co_window_paths_a, co_window_of_opportunity_a,
          co_window_paths_a, co_window_corner_b, co_window_corner_b,
          co_window_2corner, co_window_unsneaky_path_b, glass_columns_c,
          glass_columns_b, glass_columns_c, glass_columns_a
D:3:      layout_basic, nicolae_overflow_squiral,
          grunt_temple_overflow_forces_of_nature, serial_shops,
          nicolae_shop_stone, nicolae_shop_stone, nicolae_shop_stone,
          uniq_natasha
D:4:      layout_cave_pods, grunt_temple_overflow_open, serial_rivers,
          chequers_serial_rivers_room_b, chequers_serial_rivers_micro_b,
          chequers_serial_rivers_small_b, chequers_serial_rivers_micro_d,
          serial_shops, nicolae_stop_n_shop_1, minmay_distorted
D:5:      layout_loops_corners
D:6:      wad_guarded_room, layout_loops_ring, nicolae_overflow_hidden_temple,
          grunt_decor_clamped, minmay_unpleasant_kobolds
D:7:      layout_basic, zin_purify, minmay_temple_entry_proselytizer,
          minmay_lizard_king, uniq_harold

Skill      XL: |  1  2  3  4  5  6  7  8  9 |
---------------+----------------------------+-----
Stealth        | 1 2 3 5 6 |  6.0
Invocations    | 1 2 3 4 |  4.4
Transmutations | 3 4 5 6 |  6.5
Fighting       | 2 3 4 |  4.3
Unarmed Combat | 4 5 6 7 |  7.0
Dodging        | 3 4 |  4.7
Spellcasting   | 3 4 |  4.3

Action                   |  1- 3 |  4- 6 |  7- 9 || total
-------------------------+-------+-------+-------++-------
Melee: Unarmed           |    66 |    95 |   272 ||   433
       Tentacles         |    13 |    28 |    38 ||    79
       Constrict         |    16 |    26 |    30 ||    72
       Kick              |    16 |    23 |    46 ||    85
       Punch             |       |     6 |     8 ||    14
 Cast: Beastly Appendage |    15 |    23 |    23 ||    61
       Spider Form       |       |     1 |    11 ||    12
Evoke: Wand              |       |       |     7 ||     7
  Use: Scroll            |       |     4 |     9 ||    13
       Potion            |       |       |     2 ||     2
 Stab: Sleeping          |     8 |     5 |     9 ||    22
       Distracted        |     1 |     1 |       ||     2
Armor: Skin              |     5 |     4 |    18 ||    27
Dodge: Dodged            |    51 |    51 |   192 ||   294
